 Dungeon Crawl Stone Soup version 0.30-a0-178-g4db885d750 (webtiles) character file.

Game seed: 17897613745151332782

221891 RepoMan the Impaler (level 18, -2/149 HPs)
             Began as a Mummy Gladiator on Oct 2, 2022.
             Was an Elder of Fedhas.
             Slain by a vault warden
             ... wielding a +0 battleaxe of flaming
              (25 damage)
             ... on level 3 of the Vaults on Oct 3, 2022.
             The game lasted 04:21:46 (35648 turns).

RepoMan the Impaler (Mummy Gladiator)              Turns: 35648, Time: 04:21:47

Health: -2/149     AC: 25    Str: 29    XL:     18   Next: 51%
Magic:  18/28      EV: 16    Int:  8    God:    Fedhas [****..]
Gold:   2481       SH:  0    Dex: 22    Spells: 17/17 levels left

rFire   + . .      SeeInvis .    e - +6 bardiche (freeze)
rCold   + . .      Faith    +    (shield currently unavailable)
rNeg    + + +      Spirit   .    X - +4 chain mail {rF+} rPois āˆž Reflect .
                                 T - +2 helmet
rElec   .          Harm     .    n - +0 cloak
rCorr   .          Rampage  +    K - +2 pair of gloves of Skepticism {-Cast Rampage Dex+7}
Will    ++...      NoCast   +    s - +0 pair of boots
Stlth   ..........               L - amulet of the acrobat
HPRegen 0.44/turn                r - +6 ring of strength
MPRegen 0.21/turn                t - ring of protection from fire

@: no status effects
A: cold resistance 1, negative energy resistance 3, torment resistance 2, heat
vulnerability 1, in touch with death 2, no potions, faith
}: 1/15 runes: decaying
a: Renounce Religion, Wall of Briars, Grow Ballistomycete, Overgrow


You were on level 3 of the Vaults.
You worshipped Fedhas.
Fedhas was greatly pleased with you.
You visited 7 branches of the dungeon, and saw 31 of its levels.
You also visited: Gauntlet, Ice Cave and Volcano.

You collected 3594 gold pieces.
You spent 1113 gold pieces at shops.

Inventory:

Hand Weapons
 b - a +3 longbow of flaming
 e - a +6 bardiche of freezing (weapon)
 f - a +3 glaive of flaming
 v - a +2 trident of venom
 w - a +5 bardiche of protection
Missiles
 d - 16 curare-tipped darts
 y - 41 poisoned darts
 z - 3 boomerangs of dispersal
 E - 8 javelins
 M - 11 silver javelins
 W - 7 boomerangs (quivered)
Armour
 n - a +0 cloak (worn)
 o - the +3 Mad Mage's Maulers {Infuse+āˆž RegenMP Int-3}
   (You found it on level 3 of the Dungeon)

   It empowers its wearer's blows with all of their magic.
   It causes its wearer's magical reserves to regenerate more quickly.
   Int:       It affects your intelligence (-3).
 s - a +0 pair of boots (worn)
 K - the +2 pair of gloves of Skepticism (worn) {-Cast Rampage Dex+7}
   (You found it in a Gauntlet)

   Dex:       It affects your dexterity (+7).
   -Cast:     It prevents spellcasting.
   Rampage:   It bestows one free step when moving towards enemies.
 T - a +2 helmet (worn)
 X - a +4 chain mail of fire resistance (worn)
Magical Staves
 V - a staff of air
Jewellery
 i - a ring of resist corrosion
 r - a +6 ring of strength (left hand)
 t - a ring of protection from fire (right hand)
 L - an amulet of the acrobat (around neck)
 N - a ring of protection from cold
 Y - a +4 ring of protection
Wands
 k - a wand of polymorph (21)
 q - a wand of roots (3)
 u - a wand of paralysis (18)
 x - a wand of flame (15)
 Q - a wand of digging (18)
Scrolls
 a - 9 scrolls of teleportation
 g - 11 scrolls of enchant armour
 j - 5 scrolls of poison
 l - 4 scrolls of vulnerability
 m - 4 scrolls of noise
 p - 5 scrolls of immolation
 A - 3 scrolls of amnesia
 G - a scroll of silence
 I - a scroll of magic mapping
 J - 2 scrolls of torment
 Z - 2 scrolls of fog
Miscellaneous
 h - a condenser vane (inert)
 D - a phial of floods (inert)
 O - a box of beasts
 S - a tin of tremorstones (2/2)


   Skills:
 + Level 15.1 Fighting
 * Level 18.9 Polearms
 - Level 3.3 Throwing
 + Level 10.0 Armour
 - Level 9.9 Dodging
 + Level 13.7 Invocations


You had 17 spell levels left.
You didn't know any spells.
Your spell library contained the following spells:

 Spells                   Type           Power      Damage    Failure   Level
 Apportation              Tloc           0%         N/A       87%         1
 Kiss of Death            Conj/Necr      0%         2d5       87%         1
 Necrotise                Necr           0%         1d4       87%         1
 Shock                    Conj/Air       0%         1d3       87%         1
 Slow                     Hex            0%         N/A       87%         1
 Summon Small Mammal      Summ           0%         N/A       87%         1
 Cigotuvi's Dreadful Rot  Necr/Pois/Air  0%         N/A       95%         2
 Poisonous Vapours        Pois/Air       0%         N/A       95%         2
 Call Canine Familiar     Summ           0%         N/A       99%         3
 Confusing Touch          Hex            0%         N/A       99%         3
 Gell's Gravitas          Tloc           0%         N/A       99%         3
 Ozocubu's Armour         Ice            0%         N/A       99%         3
 Summon Guardian Golem    Hex/Summ       0%         N/A       99%         3
 Swiftness                Air            0%         N/A       99%         3
 Teleport Other           Tloc           0%         N/A       99%         3
 Vampiric Draining        Necr           0%         2d6       99%         3
 Airstrike                Air            0%         2d(0-16)  100%        4
 Animate Armour           Summ/Erth      0%         N/A       100%        4
 Dispel Undead            Necr           0%         3d6       100%        4
 Alistair's Intoxication  Tmut/Pois      0%         N/A       100%        5
 Arcjolt                  Conj/Air       0%         1d10      100%        5
 Iskenderun's Battlesphe  Conj           0%         2d6       100%        5
 Dispersal                Tloc           0%         N/A       100%        6
 Iron Shot                Conj/Erth      0%         9d1       100%        6
 Ozocubu's Refrigeration  Ice            0%         4d7       100%        7
 Spellforged Servitor     Conj/Summ      0%         N/A       100%        7
 Blade Hands              Tmut           Unusable   N/A       N/A         5

Dungeon Overview and Level Annotations

Branches:
Dungeon (15/15)            Temple (1/1) D:4            Lair (5/5) D:10
  Swamp (4/4) Lair:2       Spider (0/4) Lair:2        Slime (0/5) Lair:4
    Orc (2/2) D:12            Elf (1/3) Orc:2        Vaults (3/5) D:14
 Depths (0/4) D:15          IceCv (visited)         Volcano (visited)
Gauntlet (visited)
  Crypt: Vaults:2-3

Altars:
Ashenzari
Cheibriados
Dithmenos
Fedhas
Gozag
Kikubaaqudgha
Makhleb
Nemelex Xobeh
Okawaru
Qazlal
Ru
Sif Muna
Trog
Uskayaw
Vehumet
Wu Jian
Xom
Yredelemnul
Jiyva

Shops:
D:2 *   D:12 (   Orc:1 *   Orc:2 ?([:*   Vaults:2 [

Portals:
Abyss: D:9

Annotations:
D:9 2 transporters, philipeq's ghost, novice DsFi
Lair:1 2 transporters, BlueGoblin's ghost, journeyman DsNe
Swamp:4 1 runed translucent door, Qigyir's ghost, journeyman HOMo


Innate Abilities, Weirdness & Mutations

You are immune to poison.
Your flesh is cold resistant. (rC+)
You are immune to negative energy. (rN+++)
You are immune to unholy pain and torment.
You are vulnerable to heat. (rF-)
You are strongly in touch with the powers of death.
You do not drink.
You have a special connection with the divine. (Faith)


Message History

The vault warden hits your briar patch but does no damage.
The vault warden hits your briar patch with a +0 battleaxe of flaming!
The vault warden burns your briar patch.
The yaktaur is struck by your briar patch's thorns.
The yaktaur hits your briar patch!
Your briar patch is destroyed!
Your briar patch disappears in a puff of smoke!
A ballistomycete spore comes into view.
Unknown command.
You hit the vault warden. You freeze the vault warden.
The vault warden is almost dead.
The grasping roots constrict the vault warden, but do no damage.
The grasping roots constrict the yaktaur. x2
The roots release their grip on the vault warden.
The roots release their grip on the yaktaur. x2
Your ballistomycete spore explodes!
The yaktaur appears confused.
The explosion of spores engulfs the yaktaur!!!
You kill the yaktaur!
Fedhas appreciates your contribution to the ecosystem.
Fedhas protects your plant from harm.
The slime creature appears confused.
The explosion of spores engulfs the slime creature!!
The slime creature is heavily wounded.
Fedhas protects your plant from harm.
The yaktaur appears confused.
The explosion of spores engulfs the yaktaur!!
You kill the yaktaur!
Fedhas appreciates your contribution to the ecosystem.
Your ballistomycete spore explodes!
The slime creature appears confused.
The explosion of spores engulfs the slime creature!!
The slime creature is heavily wounded.
The slime creature appears confused.
The explosion of spores engulfs the slime creature!!!
You kill the slime creature!
Fedhas accepts your kill.
The vault warden hits you with a +0 battleaxe of flaming!!
You die...
Fedhas appreciates your contribution to the ecosystem. #..........# #..........# #...Pā€ .....# #.)........# ##'########### #...........# ## #...........# .Jp

#####...#####
.cc. #@P.#...#
.JJ.. #p..#...#
.c....#J))+...#
......'..P#...#
#######...#...#
#####...#
#...........#
#...........#
###+####+####


You could see a vault warden (ally target), a slime creature (confused, ally
target) and a friendly ballistomycete (summoned).

Vanquished Creatures
  Saint Roka (Vaults:1)
  Rupert (D:12)
  Jorgrun (D:13)
  2 sphinxes
  A tengu reaver (Vaults:1)
  7 vault wardens
  A frost giant (Vaults:3)
  2 orc warlords
  10 ironbound preservers
  6 ironbound thunderhulks
  2 eleionomae (Swamp:2)
  16 dire elephants
  Nessos (D:14)
  The ghost of Benup the Marksdemonspawn, a journeyman DsHu of Wu Jian (D:13)
  2 bunyips
  A minotaur (Gauntlet)
  The ghost of Wopsaluy the Cleaver, a journeyman GrFi of the Shining One (D:14)
  A crystal guardian (Vaults:3)
  Josephine (D:10)
  2 ettins
  6 yaktaur captains
  The ghost of Yosebu the Severer, a journeyman HOMo of Beogh (Orc:2)
  The ghost of Von Omam the Fighter, a journeyman GrFi of Cheibriados (D:12)
  4 vault guards (D:14)
  A ghost crab (Swamp:3)
  2 great orbs of eyes (Vaults:1)
  20 hydras
  4 centaur warriors
  An ogre mage (D:15)
  A peacekeeper (Vaults:3)
  5 ironbound frosthearts
  7 alligators
  3 catoblepae
  12 two-headed ogres
  Erica (D:11)
  2 boulder beetles
  7 death yaks
  Urug (D:11)
  An orc high priest (Orc:2)
  A tengu warrior (D:15)
  11 spriggans
  Sonja (D:11)
  Nergalle (Orc:2)
  A skeletal warrior (Volcano)
  23 deep trolls
  A spriggan druid (Swamp:3)
  4 swamp dragons (Swamp:4)
  5 wizards
  5 goliath frogs
  11 orc knights
  A harpy (Vaults:1)
  11 lindwurms
  4 bog bodies
  A wolf spider zombie (D:13)
  2 necromancers
  7 ironbound convokers
  A spectral centaur (D:13)
  A manticore (D:14)
  4 orc sorcerers
  A wolf spider (D:15)
  A will-o-the-wisp (Swamp:2)
  12 ugly things
  8 cyclopes
  20 elephants
  3 ice statues (IceCv)
  7 black mambas
  9 vault sentinels
  6 gargoyles
  A torpor snail (Lair:4)
  Maggie (D:7)
  13 cane toads
  20 yaktaurs
  2 rime drakes
  A redback zombie (D:13)
  3 unseen horrors
  6 komodo dragons
  6 trolls
  3 meliai (D:13)
  13 tyrant leeches
  3 bloated husks
  10 hornets
  3 polar bears
  5 harpy skeletons (Volcano)
  25 slime creatures
  11 blink frogs
  4 dream sheep (Lair:5)
  3 centaur simulacra (D:13)
  3 flying skulls (Volcano)
  Sigmund (D:6)
  3 shadows
  A dire elephant simulacrum (IceCv)
  9 wraiths
  4 wyverns
  A vampire (D:11)
  7 humans (D:14)
  33 yaks
  2 basilisks
  A steam dragon (D:9)
  21 vampire mosquitoes
  A redback (Lair:2)
  A harpy simulacrum (IceCv)
  15 swamp worms
  A swamp worm (shapeshifter) (Vaults:2)
  4 wargs
  3 acid dragons
  Duvessa (D:5)
  14 water moccasins
  5 swamp drakes
  2 ice beasts
  A spectral hornet (D:13)
  38 orc warriors
  2 black bears
  6 wolves
  10 ogres
  A boggart (Vaults:2)
  9 centaurs
  4 kobold brigands
  18 bullfrogs
  3 necrophages
  2 scorpions
  Dowan (D:5)
  5 wights (D:9)
  7 killer bees
  2 spriggan skeletons (Volcano)
  3 elephant simulacra (IceCv)
  4 electric eels
  2 troll skeletons (Volcano)
  A crimson imp (D:5)
  27 orc priests
  A spectral boggart (D:13)
  4 jellies
  6 hounds
  Jessica (D:3)
  An iguana (D:6)
  40 orc wizards
  A polar bear simulacrum (IceCv)
  A wolf simulacrum (IceCv)
  4 adders
  3 gnolls (D:5)
  A shadow imp (D:7)
  3 white imps
  2 ufetubi
  4 dart slugs
  109 orcs
  8 bats
  7 endoplasms
  3 giant cockroaches
  4 hobgoblins
  2 jackals
  27 kobolds
  3 ball pythons
  A frilled lizard (D:2)
  7 goblins
  4 rats
  8 ballistomycete spores
970 creatures vanquished.

Vanquished Creatures (collateral kills)
  Mlioglotl (Swamp:4)
  A vault warden (Vaults:2)
  A bunyip (Swamp:1)
  An ettin (Vaults:2)
  A crystal guardian (Vaults:3)
  A hydra (Swamp:4)
  A ghost crab (Swamp:1)
  A peacekeeper (Vaults:2)
  2 alligators (Swamp:1)
  A death yak (Lair:2)
  2 spriggans (Swamp:1)
  2 deep trolls
  3 goliath frogs
  An anaconda skeleton (Volcano)
  A will-o-the-wisp (Swamp:1)
  2 elephants (Lair:5)
  A spectral centaur (D:13)
  A cane toad (Lair:5)
  A yaktaur (Vaults:1)
  A hornet (Swamp:1)
  A tyrant leech (Lair:5)
  A harpy skeleton (Volcano)
  A blink frog (Lair:5)
  2 dream sheep (Lair:5)
  A yak (Lair:5)
  A death yak simulacrum (IceCv)
  A vampire mosquito (Lair:5)
  A redback (Lair:2)
  A swamp worm (Swamp:2)
  An ogre (Orc:1)
  4 bullfrogs (Lair:5)
  An elephant simulacrum (IceCv)
  3 orc wizards
  5 orcs
  182 ballistomycete spores
232 creatures vanquished.

Vanquished Creatures (others)
  3 thorn hunters (Swamp:4)
  An eleionoma (Swamp:2)
  A shambling mangrove (Swamp:4)
  2 hydras (Swamp:4)
  A swamp dragon (Swamp:4)
  2 oklob plants (Lair:4)
  2 bloated husks
  A human (D:14)
  4 swamp drakes (Swamp:4)
  An orc wizard (D:12)
  12 ballistomycete spores
  4 demonic plants (Gauntlet)
  16 foxfires
  41 fungi
  130 plants
221 creatures vanquished.

Grand Total: 1423 creatures vanquished

Notes
Turn   | Place    | Note
-------+----------+-------------------------------------------
     0 | D:1      | RepoMan the Mummy Gladiator began the quest for the Orb.
     0 | D:1      | Reached XP level 1. HP: 16/16 MP: 1/1
   126 | D:1      | Reached skill level 3 in Polearms
   126 | D:1      | Reached XP level 2. HP: 22/22 MP: 2/2
   694 | D:2      | Found Dibidd's General Store.
   705 | D:2      | Bought 2 scrolls of identify for 56 gold pieces
   734 | D:2      | Gained mutation: You are in touch with the powers of death.
                  | [Mummy growth]
   734 | D:2      | Reached XP level 3. HP: 27/27 MP: 3/3
  1168 | D:3      | Found an opulent altar of Gozag.
  1271 | D:3      | Reached skill level 4 in Polearms
  1271 | D:3      | Reached XP level 4. HP: 31/33 MP: 4/4
  1503 | D:3      | Found the +3 Mad Mage's Maulers {Infuse+āˆž RegenMP Int-3}
  1538 | D:3      | Noticed Jessica
  1542 | D:3      | Killed Jessica
  1844 | D:4      | Noticed a scorpion
  1850 | D:4      | Reached XP level 5. HP: 38/38 MP: 1/5
  1860 | D:4      | Reached skill level 5 in Polearms
  2208 | D:4      | Found a hide-covered altar of Uskayaw.
  2208 | D:4      | Found a bloodstained altar of Trog.
  2229 | D:4      | Reached XP level 6. HP: 44/44 MP: 0/6
  2257 | D:4      | Found a staircase to the Ecumenical Temple.
  2268 | Temple   | Entered the Ecumenical Temple
  2297 | Temple   | Became a worshipper of Fedhas Madash
  2962 | D:5      | Entered Level 5 of the Dungeon
  2999 | D:4      | Reached skill level 6 in Polearms
  3244 | D:5      | Noticed Dowan
  3288 | D:5      | Reached * piety under Fedhas
  3289 | D:5      | Reached XP level 7. HP: 39/50 MP: 0/7
  3352 | D:5      | Reached skill level 7 in Polearms
  3487 | D:5      | Killed Dowan
  3520 | D:5      | Noticed Duvessa
  3531 | D:5      | Killed Duvessa
  3561 | D:5      | Found a shimmering altar of Xom.
  3578 | D:5      | Found a burning altar of Makhleb.
  3633 | D:5      | Identified the +8 scimitar of Suxkopont {flame, *Slow
                  | Int+6}
  3924 | D:5      | Reached XP level 8. HP: 57/58 MP: 0/8
  3973 | D:6      | Noticed Sigmund
  3985 | D:6      | Killed Sigmund
  3986 | D:6      | Reached skill level 8 in Polearms
  3986 | D:6      | Reached skill level 1 in Invocations
  4214 | D:6      | Reached ** piety under Fedhas
  4587 | D:6      | Identified the +4 rapier of Twilight {venom, Int+5}
  5155 | D:7      | Reached skill level 5 in Fighting
  5155 | D:7      | Reached skill level 9 in Polearms
  5155 | D:7      | Reached XP level 9. HP: 68/68 MP: 0/11
  5248 | D:7      | Noticed Maggie
  5267 | D:7      | Killed Maggie
  5482 | D:7      | Identified the +1 robe "Toothrisch" {Dex+3 Archmagi}
  5659 | D:7      | Noticed a green ugly thing
  5677 | D:7      | Killed a green ugly thing
  5677 | D:7      | Reached *** piety under Fedhas
  6292 | D:8      | Reached skill level 10 in Polearms
  6482 | D:8      | Reached skill level 5 in Invocations
  6482 | D:8      | Reached XP level 10. HP: 58/77 MP: 0/13
  6579 | D:8      | Found a broken altar of Ashenzari.
  6803 | D:9      | Noticed a two-headed ogre
  6806 | D:9      | Killed a two-headed ogre
  6833 | D:9      | Noticed a toenail golem
  6975 | D:9      | Found a transporter.
  6978 | D:9      | Noticed a sun demon
  6980 | D:9      | Found a transporter.
  7032 | D:9      | Reached **** piety under Fedhas
  7130 | D:9      | Noticed a wizard
  7134 | D:9      | Noticed a skeletal warrior
  7635 | D:9      | Reached skill level 11 in Polearms
  7726 | D:9      | Noticed philipeq's ghost (novice DsFi)
  7778 | D:10     | Entered Level 10 of the Dungeon
  8020 | D:10     | Found a staircase to the Lair.
  8028 | D:10     | Noticed a two-headed ogre
  8057 | D:10     | Killed a two-headed ogre
  8097 | D:10     | Noticed a brown ugly thing
  8111 | D:10     | Killed a brown ugly thing
  8263 | D:10     | Reached XP level 11. HP: 76/86 MP: 0/15
  8383 | D:10     | Noticed a two-headed ogre
  8386 | D:10     | Killed a two-headed ogre
  8507 | D:10     | Reached ***** piety under Fedhas
  8582 | D:10     | Noticed Josephine
  8608 | D:10     | Killed Josephine
  8802 | D:10     | Noticed a two-headed ogre
  8812 | D:10     | Killed a two-headed ogre
  8813 | D:10     | Reached skill level 12 in Polearms
  8976 | D:11     | You fall into a shaft and drop 1 floor!
  8991 | D:12     | Noticed a two-headed ogre
  9003 | D:12     | Killed a two-headed ogre
  9052 | D:12     | Noticed a boulder beetle
  9059 | D:12     | Killed a boulder beetle
  9548 | Lair:1   | Entered Level 1 of the Lair of Beasts
  9653 | Lair:1   | Identified the +10 whip of Insufficient Pleasure {vorpal,
                  | rF+ MP+9 Dex+3}
  9663 | Lair:1   | Found a gate leading to a gauntlet.
  9765 | Gauntlet | Entered a Gauntlet
  9765 | Gauntlet | Found a large runed translucent door.
  9765 | Gauntlet | Found a large runed translucent door.
  9765 | Gauntlet | Found a large runed translucent door.
  9765 | Gauntlet | Found a large runed translucent door.
  9765 | Gauntlet | Found a large runed translucent door.
  9765 | Gauntlet | Found a large runed translucent door.
  9765 | Gauntlet | Found a runed translucent door.
  9765 | Gauntlet | Found a transporter.
  9765 | Gauntlet | Found a transporter.
  9765 | Gauntlet | Found a runed translucent door.
  9765 | Gauntlet | Found a large runed translucent door.
  9765 | Gauntlet | Found a large runed translucent door.
  9765 | Gauntlet | Found a large runed translucent door.
  9765 | Gauntlet | Found a large runed translucent door.
  9765 | Gauntlet | Found a large runed translucent door.
  9765 | Gauntlet | Found a large runed translucent door.
  9773 | Gauntlet | Found a transporter.
  9773 | Gauntlet | Found a transporter.
  9775 | Gauntlet | Found a large runed translucent door.
  9775 | Gauntlet | Found a large runed translucent door.
  9775 | Gauntlet | Found a large runed translucent door.
  9775 | Gauntlet | Found a large runed translucent door.
  9776 | Gauntlet | Noticed a death scarab
  9790 | Gauntlet | Noticed a death scarab
  9794 | Gauntlet | Found a transporter.
  9800 | Gauntlet | Found a transporter.
  9802 | Gauntlet | Noticed a death scarab
  9803 | Gauntlet | Noticed a death scarab
  9804 | Gauntlet | Noticed a death yak
  9804 | Gauntlet | Noticed a death yak
  9807 | Gauntlet | Found a transporter.
  9807 | Gauntlet | Noticed a death yak
  9808 | Gauntlet | Found a transporter.
  9808 | Gauntlet | Noticed a death yak
  9808 | Gauntlet | Noticed a death yak
  9808 | Gauntlet | Noticed a death yak
  9812 | Gauntlet | Found a transporter.
  9822 | Gauntlet | Found a transporter.
  9888 | Gauntlet | Found a transporter.
  9903 | Gauntlet | Found a transporter.
  9905 | Gauntlet | Noticed a dire elephant
  9919 | Gauntlet | Found a transporter.
 10004 | Gauntlet | Found a runed translucent gate.
 10004 | Gauntlet | Found a runed translucent gate.
 10004 | Gauntlet | Found a runed translucent gate.
 10006 | Gauntlet | Found a transporter.
 10021 | Gauntlet | Found a transporter.
 10023 | Gauntlet | Noticed a sixfirhy
 10023 | Gauntlet | Noticed a sixfirhy
 10024 | Gauntlet | Noticed a sixfirhy
 10026 | Gauntlet | Noticed a sixfirhy
 10037 | Gauntlet | Found the +9 sword of Zonguldrok {reap}
 10038 | Gauntlet | Found a transporter.
 10222 | Gauntlet | Identified the +2 pair of gloves of Skepticism {-Cast
                  | Rampage Dex+7}
 10246 | Gauntlet | Killed a dire elephant
 10375 | Gauntlet | Killed a death yak
 10376 | Gauntlet | Reached XP level 12. HP: 60/96 MP: 1/18
 10624 | Gauntlet | Noticed a minotaur
 10637 | Gauntlet | Killed a minotaur
 10638 | Gauntlet | Reached skill level 13 in Polearms
 11155 | Lair:1   | Found a transporter.
 11162 | Lair:1   | Noticed BlueGoblin's ghost (journeyman DsNe)
 11167 | Lair:1   | Found a transporter.
 11776 | Lair:2   | Found a hole to the Spider Nest.
 12093 | Lair:2   | Reached skill level 10 in Fighting
 12208 | Lair:2   | Reached skill level 1 in Armour
 12629 | Lair:2   | Noticed a death yak
 12630 | Lair:2   | Noticed a death yak
 12646 | Lair:2   | Killed a death yak
 12648 | Lair:2   | Noticed a death yak
 12693 | Lair:2   | Killed a death yak
 12700 | Lair:2   | Killed a death yak
 13082 | Lair:2   | Found a staircase to the Swamp.
 13512 | Lair:3   | Gained mutation: You are strongly in touch with the powers
                  | of death. [Mummy growth]
 13512 | Lair:3   | Reached XP level 13. HP: 101/104 MP: 1/19
 13520 | Lair:3   | Reached skill level 14 in Polearms
 14444 | Lair:4   | Found a dark tunnel.
 14462 | Volcano  | Entered a volcano
 15577 | Lair:4   | Found a viscous altar of Jiyva.
 15578 | Lair:4   | Found a staircase to the Slime Pits.
 15942 | Lair:5   | Entered Level 5 of the Lair of Beasts
 16002 | Lair:5   | Reached skill level 5 in Dodging
 16125 | Lair:5   | Reached skill level 10 in Invocations
 16158 | Lair:5   | Reached XP level 14. HP: 89/113 MP: 14/21
 16215 | Lair:5   | Reached skill level 15 in Polearms
 16397 | Lair:5   | Reached skill level 5 in Armour
 16462 | Lair:5   | Found a frozen archway.
 16482 | IceCv    | Entered an ice cave
 16977 | Lair:5   | Reached ****** piety under Fedhas
 17734 | D:11     | Noticed Sonja
 17738 | D:11     | Killed Sonja
 17909 | D:11     | Noticed Urug
 17925 | D:11     | Killed Urug
 18167 | D:11     | Noticed Erica
 18180 | D:11     | Killed Erica
 18817 | D:12     | Found a staircase to the Orcish Mines.
 18862 | Orc:1    | Entered Level 1 of the Orcish Mines
 18862 | Orc:1    | Found Ebecvy's Assorted Antiques.
 18871 | Orc:1    | Bought a scroll of immolation for 112 gold pieces
 18871 | Orc:1    | Bought a scroll of immolation for 112 gold pieces
 18871 | Orc:1    | Bought a gold wand for 112 gold pieces
 19182 | Orc:2    | Entered Level 2 of the Orcish Mines
 19592 | Orc:2    | Found a staircase to the Elven Halls.
 19725 | Orc:2    | Noticed Yosebu's ghost (journeyman HOMo)
 19764 | Orc:2    | Noticed an orc warlord
 19780 | Orc:2    | Killed an orc warlord
 19872 | Orc:2    | Noticed Nergalle
 19889 | Orc:2    | Killed Nergalle
 19972 | Orc:2    | Found Soyloh's Antique Armour Emporium.
 19977 | Orc:2    | Found Ecle's Antique Weapon Emporium.
 20064 | Orc:2    | Reached XP level 15. HP: 120/121 MP: 23/23
 20099 | Orc:2    | Found Mousez's Book Emporium.
 20115 | Orc:2    | Found Qelilaut's General Store.
 20135 | Orc:2    | Found Wuriosum's Magic Scroll Boutique.
 20143 | Orc:2    | Bought a scroll of poison for 68 gold pieces
 20143 | Orc:2    | Bought a scroll of poison for 68 gold pieces
 20143 | Orc:2    | Bought a scroll of enchant weapon for 127 gold pieces
 20183 | Orc:2    | Found a runed translucent gate.
 20183 | Orc:2    | Found a runed translucent gate.
 20186 | Orc:2    | Found a runed translucent gate.
 20533 | Orc:2    | Killed Yosebu's ghost
 20682 | D:9      | Found a one-way gate to the infinite horrors of the Abyss.
 20891 | D:12     | Noticed Rupert
 20913 | D:12     | Killed Rupert
 20949 | D:12     | Found Toelylib's Weapon Shoppe.
 21133 | D:12     | Found a large runed translucent door.
 21134 | D:12     | Found a large runed translucent door.
 21139 | D:12     | Noticed Von Omam's ghost (journeyman GrFi)
 21166 | D:12     | Killed Von Omam's ghost
 21271 | D:13     | Noticed Jorgrun
 21279 | D:13     | Killed Jorgrun
 21280 | D:13     | Reached skill level 16 in Polearms
 21444 | D:13     | Found a runed translucent gate.
 21444 | D:13     | Found a runed translucent gate.
 21445 | D:13     | Found a runed translucent gate.
 21448 | D:13     | Noticed Benup's ghost (journeyman DsHu)
 21987 | D:13     | Killed Benup's ghost
 22111 | D:14     | Noticed Nessos
 22118 | D:14     | Killed Nessos
 22228 | D:14     | Noticed Wopsaluy's ghost (journeyman GrFi)
 22231 | D:14     | Found a runed translucent door.
 22261 | D:14     | Killed Wopsaluy's ghost
 23161 | D:14     | Found a gate to the Vaults.
 23230 | D:15     | Entered Level 15 of the Dungeon
 23287 | D:15     | Found a hide-covered altar of Uskayaw.
 23518 | D:15     | Found a staircase to the Depths.
 23924 | D:15     | Reached XP level 16. HP: 72/130 MP: 24/24
 24390 | Swamp:1  | Entered Level 1 of the Swamp
 24923 | Swamp:1  | Identified the +1 quarterstaff of Aseter {drain, Int+3}
 25093 | Swamp:1  | Identified the +0 scale mail of Teckaff {*Corrode rPois
                  | Dex+5}
 25246 | Swamp:2  | Identified the +0 robe of Asceticism {Str+2}
 25286 | Swamp:2  | Reached skill level 17 in Polearms
 26434 | Swamp:3  | Identified the +1 chain mail "Petoi" {rPois rF+ Int-5}
 27408 | Swamp:4  | Entered Level 4 of the Swamp
 27408 | Swamp:4  | Noticed a thorn hunter
 27849 | Swamp:4  | Noticed Mlioglotl
 27860 | Swamp:4  | Killed a thorn hunter
 27861 | Swamp:4  | Killed a thorn hunter
 27869 | Swamp:4  | Killed a thorn hunter
 28235 | Swamp:4  | Killed Mlioglotl
 28289 | Swamp:4  | Found a runed translucent door.
 28289 | Swamp:4  | Noticed Qigyir's ghost (journeyman HOMo)
 28627 | Swamp:4  | Got a decaying rune of Zot
 29091 | Orc:2    | Bought a heavily runed chain mail for 256 gold pieces
 29091 | Orc:2    | Identified the +4 chain mail "Goqoepp" {Int+2} (You bought
                  | it in a shop on level 2 of the Orcish Mines)
 29091 | Orc:2    | Bought a glowing helmet for 202 gold pieces
 29133 | Elf:1    | Entered Level 1 of the Elven Halls
 29249 | Vaults:1 | Entered Level 1 of the Vaults
 29430 | Vaults:1 | Reached XP level 17. HP: 129/138 MP: 24/26
 30758 | Vaults:1 | Reached skill level 18 in Polearms
 31785 | Vaults:1 | Noticed Saint Roka
 31831 | Vaults:1 | Identified the ring of the Median {Drain rPois rC+ rN+
                  | Str+2}
 31844 | Vaults:1 | Killed Saint Roka
 32269 | Vaults:2 | Upgraded the game from 0.30-a0-176-gdd20fb75b6 to
                  | 0.30-a0-178-g4db885d750
 33247 | Vaults:2 | Reached XP level 18. HP: 147/147 MP: 23/27
 33823 | Vaults:2 | Found Kutriuh's Armour Boutique.
 34916 | Vaults:3 | Reached skill level 15 in Fighting
 35553 | Vaults:3 | Reached skill level 10 in Armour
 35648 | Vaults:3 | Slain by a vault warden

Illustrated notes

Levels and vault maps discovered:
D:1:      heliophobic_arrival_glass_houses, layout_rooms, nrook_loot_triangle,
          corexii_corridor_pit, chequers_serial_rivers_small_3, minmay_cut_off
D:2:      layout_rooms, serial_shops, shop, kennysheep_generic_room_6
D:3:      layout_loops_ring, mainiacjoe_overflow_catwalk, uniq_jessica
D:4:      layout_basic, jmf_multi_god_temple, minmay_temple_entry_stoned_glass
D:5:      layout_loops_cross, grunt_temple_overflow_champion_of_chaos,
          uniq_duvessa
D:6:      layout_basic, uniq_sigmund
D:7:      layout_basic, serial_park_tiny_2, uniq_maggie
D:8:      layout_loops_ring, nicolae_hepliaklqana_hippocampus,
          nicolae_ashenzari_panopticon, serial_bayou_lagoon_b, uniq_maurice
D:9:      layout_roguey, gammafunk_ghost_abyssal_escape, kennysheep_small_square
D:10:     layout_rooms, erik_lair_island, minmay_checkerbox, uniq_josephine
D:11:     layout_big_octagon, kennysheep_generic_room_10, uniq_urug, uniq_sonja,
          uniq_erica
D:12:     layout_cave_pools, hiddenorc2_lemuel, serial_shops,
          nicolae_shop_bloodbath_and_beyond, ebering_ghost_disaster_area,
          uniq_rupert
D:13:     layout_rooms, gammafunk_ghost_necromancy, minmay_between, uniq_jorgrun
D:14:     layout_roguey, ximxim_vaults_locker_room,
          hellmonk_ghost_happy_afterlife, uniq_nessos
D:15:     hangedman_depths_entry_civil_slaughter, layout_irregular_city,
          nicolae_uskayaw_suspiria, minivault_25
Temple:   hellmonk_temple_of_storms
Lair:1:   layout_cave_pods, gammafunk_ghost_arena, gauntlet_entry_generic,
          grunt_megastairs_4, lemuel_fruit_fields
Lair:2:   layout_gridlike, skrybe_swamp_entry_bodies, spider_nest_entry_webs
Lair:3:   layout_long_grid
Lair:4:   layout_regular_city, minmay_slime_entry_oklob_open,
          nicolae_volcano_entry_hallway, st_stairs_8, nicolae_lair_yak_garden,
          infiniplex_staircase_pool
Lair:5:   minmay_lair_end_frog_pond, layout_cave_pods,
          portal_ice_cave_entry_pillars_2
Swamp:1:  nicolae_swamp_tree_isthmus, layout_falls_marsh,
          evilmike_swamp_ruin_rubble_1
Swamp:2:  layout_falls_marsh, nicolae_swamp_some_circles
Swamp:3:  layout_basic_swamp, serial_swamp_ruin, hangedman_swamp_ruin_wall,
          evilmike_swamp_ruin_rubble_2, hangedman_swamp_ruin_hall,
          infiniplex_staircase_pool_2
Swamp:4:  swamp, layout_basic_swamp, gammafunk_ghost_grave, uniq_mlioglotl
Orc:1:    layout_caves, serial_shops, shop_fountains
Orc:2:    grunt_orc_cross, layout_caves, gammafunk_ghost_split, serial_shops,
          shop
Elf:1:    nicolae_elf_arrival_aired_out, layout_gridlike,
          hangedman_elf_represent, not_door_vault_mu, grunt_megastairs_1
Vaults:1: hangedman_vaults_maws, vaults_mumra_chevron_long, st_quartered_hall,
          hangedman_vaults_corner, vaults_standard_mumra_x, vaults_room_fours,
          dpeg_vaults_monster_box, layout_vaults_quadrants, uniq_saint_roka
Vaults:2: ontoclasm_vaults_pinch, v_rooms_6, nicolae_vaults_lopsided_apartments,
          vaults_dpeg_doors, v_pattern_5, serial_ice_m,
          nicolae_vaults_border_crossing, ontoclasm_vaults_decontamination,
          v_misc_23, nicolae_vaults_yaktaur_gun_rack, ontoclasm_vaults_tryst,
          vaults_room_door_ring, vaults_room_stairs_pillars,
          layout_vaults_omnicross, serial_shops, nicolae_shop_waterfront
Vaults:3: v_misc_14, nicolae_vaults_inception_network, hangedman_vaults_unwind,
          minmay_crypt_entry_simple_walls, ontoclasm_vaults_loading_screen,
          ontoclasm_vaults_twist, grunt_vaults_bifocal, ontoclasm_vaults_fault,
          nicolae_vaults_theta, v_misc_10, nicolae_vaults_mini_display_case,
          ontoclasm_vaults_chip, v_misc_18, vaults_dpeg_encased_lava,
          layout_vaults_maze_snakey

Skill      XL: |  1  2  3  4  5  6  7  8  9 10 11 12 13 14 15 16 17 18 |
---------------+-------------------------------------------------------+-----
Polearms       | 3 4 5 6 7 9 10 11 12 13 14 15 16 17 18 | 18.9
Fighting       | 3 5 6 8 9 10 11 12 13 14 15 | 15.1
Invocations    | 3 5 6 8 9 10 11 12 13 | 13.7
Armour         | 2 4 6 7 8 9 10 | 10.0
Dodging        | 3 5 6 7 8 9 |  9.9
Throwing       | 2 3 |  3.3

Action                   |  1- 3 |  4- 6 |  7- 9 | 10-12 | 13-15 | 16-18 || total
-------------------------+-------+-------+-------+-------+-------+-------++-------
Melee: Trident           |   115 |   140 |   185 |   223 |       |     1 ||   664
       Punch             |     1 |     1 |     3 |     2 |       |       ||     7
       Halberd           |       |       |    67 |       |       |       ||    67
       Glaive            |       |       |     8 |   183 |  1137 |   585 ||  1913
       Bardiche          |       |       |       |       |       |   331 ||   331
       Staff             |       |       |       |       |       |    22 ||    22
Throw: Throwing net      |       |     4 |     2 |       |     1 |       ||     7
       Javelin           |       |     1 |     2 |     1 |       |       ||     4
       Stone             |       |       |    19 |     7 |       |       ||    26
       Dart              |       |       |     5 |    60 |    34 |    22 ||   121
       Boomerang         |       |       |       |       |    27 |    41 ||    68
Invok: Wall of Briars    |       |       |       |     8 |    33 |    54 ||    95
       Grow Ballistomyce |       |       |       |     5 |    12 |    15 ||    32
       Overgrow          |       |       |       |       |     1 |     1 ||     2
       Grow Oklob        |       |       |       |       |       |     1 ||     1
Evoke: Wand              |       |     1 |     4 |     4 |    27 |    22 ||    58
       Condenser vane    |       |       |       |       |     2 |     3 ||     5
       Box of beasts     |       |       |       |       |     1 |       ||     1
       Tin of tremorston |       |       |       |       |     1 |     1 ||     2
       Phial of floods   |       |       |       |       |       |     2 ||     2
  Use: Scroll            |     3 |     4 |     9 |     5 |    10 |    25 ||    56
 Stab: Sleeping          |     1 |       |       |     1 |     1 |       ||     3
       Held in net/web   |       |     1 |     2 |       |     1 |       ||     4
       Paralysed         |       |       |     8 |     1 |     3 |       ||    12
       Confused          |       |       |       |     3 |     5 |     8 ||    16
       Distracted        |       |       |       |     1 |     9 |     1 ||    11
       Invisible         |       |       |       |       |       |     4 ||     4
Armor: Leather armour    |    13 |       |    48 |       |    34 |       ||    95
       Ring mail         |    21 |    52 |     7 |       |       |       ||    80
       Steam dragon scal |       |       |    15 |    81 |    13 |       ||   109
       Troll leather arm |       |       |       |       |    45 |       ||    45
       Robe              |       |       |       |       |    26 |       ||    26
       Chain mail        |       |       |       |       |   276 |   292 ||   568
Dodge: Dodged            |    51 |    50 |    75 |   125 |   470 |   398 ||  1169

Table legend: (Time is in decaauts)
 A = Elapsed time spent in this place.
 B = Non-inter-level travel time spent in this place.
 C = Inter-level travel time spent in this place.
 D = Time resting spent in this place.
 E = Time spent auto-exploring this place.
 F = Levels seen in this place.
 G = Mean time per level.
                   A        B        C        D        E       F      G
               +--------+--------+--------+--------+--------+-----+--------+
         Total |  35746 |  34182 |   1564 |   8498 |  11889 |  34 | 1051.4 |
       Dungeon |  14858 |  14011 |    847 |   2982 |   6290 |  15 |  990.5 |
        Temple |     44 |     44 |      0 |      0 |      0 |   1 |   44.0 |
          Lair |   6180 |   5816 |    364 |   1079 |   2521 |   5 | 1236.0 |
         Swamp |   4747 |   4602 |    145 |   1358 |   1528 |   4 | 1186.8 |
  Orcish Mines |   1828 |   1698 |    130 |     48 |    598 |   2 |  914.0 |
   Elven Halls |      1 |      1 |      0 |      0 |      0 |   1 |    1.0 |
        Vaults |   6052 |   5976 |     76 |   2200 |    950 |   3 | 2017.3 |
      Ice Cave |    238 |    238 |      0 |     25 |      0 |   1 |  238.0 |
       Volcano |    760 |    760 |      0 |    365 |      0 |   1 |  760.0 |
      Gauntlet |   1034 |   1034 |      0 |    440 |      0 |   1 | 1034.0 |
               +--------+--------+--------+--------+--------+-----+--------+

Top non-repeatable levels by time:
Vaults:1: 2875 daAuts
Vaults:2: 2440 daAuts
 Swamp:3: 1531 daAuts
    D:10: 1525 daAuts
    D:14: 1473 daAuts
  Lair:2: 1462 daAuts
  Lair:5: 1380 daAuts
    D:12: 1357 daAuts
   Orc:2: 1326 daAuts
  Lair:1: 1265 daAuts
 Swamp:4: 1226 daAuts
     D:4: 1225 daAuts
  Lair:4: 1195 daAuts
     D:6: 1146 daAuts
     D:7: 1056 daAuts
